[Event "*** SCC Grand Prix: Titled Tuesday Blitz"]
[Site "Chess.com"]
[Date "2020.06.23"]
[Round "10"]
[White "Violord"]
[Black "Mourinho_Jose"]
[Result "1-0"]
[WhiteElo "2616"]
[BlackElo "2473"]
[TimeControl "180+1"]
[EndTime "11:56:17 PDT"]
[Termination "Violord won on time"]

1. e4 e5 2. Nf3 Nf6 3. d4 Nxe4 4. dxe5 d5 5. Nbd2 Nxd2 6. Bxd2 c5 7. c3 Nc6 8. Bd3 Be7 9. h3 Be6 10. O-O O-O 11. Re1 h6 12. Qe2 Qd7 13. Rad1 Rfe8 14. Bc1 Bf8 15. Qc2 Qc7 16. Bf4 Rad8 17. Qc1 d4 18. c4 Nb4 19. Bb1 Qa5 20. a3 Nc6 21.
Qc2 g6 22. Qc1 Kh7 23. h4 Qa4 24. Bd3 Na5 25. Nd2 h5 26. b3 Qd7 27. Ne4 Bg7 28. Qc2 Kg8 29. Ng5 Nc6 30. Re2 Bf5 31. e6 Bxe6 32. Rde1 Bg4 33. f3 Rxe2 34. Qxe2 Bf5 35. Ne4 1-0

[Event "*** SCC Grand Prix: Titled Tuesday Blitz"]
[Site "Chess.com"]
[Date "2020.06.23"]
[Round "10"]
[White "bazar-wokzal"]
[Black "diamonds13"]
[Result "1-0"]
[WhiteElo "2428"]
[BlackElo "2264"]
[TimeControl "180+1"]
[EndTime "11:56:17 PDT"]
[Termination "bazar-wokzal won by checkmate"]

1. e4 c5 2. c3 d5 3. exd5 Qxd5 4. d4 Nf6 5. Nf3 Bf5 6. dxc5 Qxd1+ 7. Kxd1 e6 8. Be3 Nd5 9. Bb5+ Nc6 10. Nd4 Bg4+ 11. Kc2 Nxe3+ 12. fxe3 O-O-O 13. Bxc6 bxc6 14. b4 Kc7 15. Rf1 f6 16. h3 e5 17. hxg4 exd4 18. exd4 Re8 19. Kd3 h5 20. gxh5 Rxh5 21. Nd2 Rg5 22.
Rae1 Rxe1 23. Rxe1 Rxg2 24. Re8 Bxc5 25. bxc5 Kd7 26. Ra8 g5 27. Rxa7+ Ke6 28. Ne4 f5 29. Nd6 g4 30. Rg7 f4 31. Rg6+ Kd7 32. c4 f3 33.
d5 f2 34. Rg7+ Kd8 35. Ke2 g3 36. dxc6 Rg1 37. c7# 1-0

[Event "*** SCC Grand Prix: Titled Tuesday Blitz"]
[Site "Chess.com"]
[Date "2020.06.23"]
[Round "10"]
[White "Harry_Rakkel"]
[Black "Anuar_Is"]
[Result "0-1"]
[WhiteElo "2569"]
[BlackElo "2822"]
[TimeControl "180+1"]
[EndTime "11:56:20 PDT"]
[Termination "Anuar_Is won on time"]

1. d4 Nf6 2. Nf3 e6 3. Bf4 c5 4. c3 Be7 5. e3 O-O 6. Nbd2 b6 7. Bd3 Ba6 8. Qe2 Bxd3 9. Qxd3 d5 10. O-O Nbd7 11. Ne5 Qc8 12. Rac1 Rd8 13. h3 Nf8 14. c4 Qb7 15. b3 cxd4 16. exd4 Rac8 17. Ndf3 Qa6 18. Ng5 Nh5 19. Ngxf7 Nxf4 20. Qf3 N4g6 21.
Nxd8 Nxe5 22. dxe5 Rxd8 23. cxd5 Rxd5 24. Rc7 Ng6 25.
Rfc1 Rxe5 26. Qa8+ Bf8 27. Qe8 Qe2 28. Qf7+ Kh8 29. R1c2 Qe1+ 30. Kh2 Rf5 31. Qd7 h5 32. f3 Qe5+ 33. Kh1 Bd6 34. Rc8+ Kh7 35. g4 Rxf3 0-1

[Event "*** SCC Grand Prix: Titled Tuesday Blitz"]
[Site "Chess.com"]
[Date "2020.06.23"]
[Round "10"]
[White "Canairez"]
[Black "deep306"]
[Result "0-1"]
[WhiteElo "2389"]
[BlackElo "2665"]
[TimeControl "180+1"]
[EndTime "11:56:21 PDT"]
[Termination "deep306 won on time"]

1. d4 e6 2. Nf3 b6 3. c4 Bb7 4.
Nc3 Bb4 5. e3 f5 6. d5 Nf6 7.
dxe6 Bxc3+ 8. bxc3 dxe6 9. Qxd8+ Kxd8 10. c5 Nbd7 11. Ba3 Nxc5 12. Bc4 Ke7 13. Rb1 Bd5 14. Be2 Bxa2 15. Rb2 Bd5 16. c4 Be4 17. Ne5 Nd7 18. Nxd7 Kxd7 19. f3 Bc6 20. Kf2 Rhd8 21. Ra1 a5 22. h4 a4 23. h5 h6 24. g4 fxg4 25.
Bxc5 bxc5 26. fxg4 Ke7 27. Kg3 Rab8 28. Rxb8 Rxb8 29.
Kf4 Rb2 30. Bd3 Rb3 31. Bg6 Rc3 32. e4 Rxc4 33. Ke5 Rb4 34. Rf1 Be8 35. Rc1 Bxg6 36. hxg6 c4 37. Rf1 Rb5+ 38. Kd4 Kd6 39. Rf7 a3 40. Kxc4 a2 41. Rf1 Rb1 42. e5+ Kxe5 0-1

[Event "*** SCC Grand Prix: Titled Tuesday Blitz"]
[Site "Chess.com"]
[Date "2020.06.23"]
[Round "10"]
[White "OK97"]
[Black "QuintilianoR"]
[Result "1-0"]
[WhiteElo "2836"]
[BlackElo "2644"]
[TimeControl "180+1"]
[EndTime "11:56:25 PDT"]
[Termination "OK97 won by resignation"]

1. d4 Nf6 2. Nf3 e6 3. e3 b6 4. Bd3 Bb7 5. O-O Be7 6. c4 O-O 7. Nc3 d5 8. cxd5 exd5 9. b3 Nbd7 10. Bb2 a6 11. Rc1 Bd6 12. Qc2 Qe7 13. Ne2 c6 14.
Ng3 g6 15. Rfe1 Bb4 16. Re2 Rfe8 17. e4 dxe4 18. Nxe4 Nxe4 19. Rxe4 Qd6 20. Ne5 c5 21.
Rf4 cxd4 22. Rxd4 Qxe5 23. Rxd7 Qf4 24. Rxb7 Bd2 25. Rf1 Rad8 26. Bc4 1-0

[Event "*** SCC Grand Prix: Titled Tuesday Blitz"]
[Site "Chess.com"]
[Date "2020.06.23"]
[Round "10"]
[White "mbachez"]
[Black "Tooweak2slow03"]
[Result "0-1"]
[WhiteElo "2454"]
[BlackElo "2667"]
[TimeControl "180+1"]
[EndTime "11:56:27 PDT"]
[Termination "Tooweak2slow03 won on time"]

1. e4 e6 2. d4 d5 3. Bd3 c5 4.
exd5 exd5 5. Nf3 Nf6 6. O-O Be7 7.
dxc5 O-O 8. Nbd2 Bxc5 9. Nb3 Bd6 10. h3 h6 11. c3 Nc6 12. Re1 b6 13. Nbd4 Bb7 14.
Nxc6 Bxc6 15. Nd4 Bb7 16. Qf3 Ne4 17. Nf5 Bb8 18. Qg4 g6 19. Bxh6 Bc8 20. Bxe4 dxe4 21. Rad1 Qf6 22. Bxf8 Bxf5 23. Qe2 Kxf8 24. Qb5 Be5 25.
Rd5 Re8 26. g4 Bc8 27. Qb4+ Kg7 28. Rxe4 Bh2+ 29. Kxh2 Qxf2+ 30. Kh1 Qf3+ 0-1

[Event "*** SCC Grand Prix: Titled Tuesday Blitz"]
[Site "Chess.com"]
[Date "2020.06.23"]
[Round "10"]
[White "picturesquecheck"]
[Black "Piotrek1979"]
[Result "1-0"]
[WhiteElo "2129"]
[BlackElo "2335"]
[TimeControl "180+1"]
[EndTime "11:56:27 PDT"]
[Termination "picturesquecheck won by resignation"]

1. e4 c6 2. d4 d5 3. Nd2 dxe4 4. Nxe4 Bf5 5. Ng3 Bg6 6. h4 h6 7. Nf3 Nd7 8. h5 Bh7 9. Bd3 Bxd3 10. Qxd3 Ngf6 11. Bd2 e6 12. O-O-O Be7 13. Kb1 O-O 14. Ne4 Nxe4 15. Qxe4 Nf6 16. Qe2 Qd5 17. Be3 Ne4 18.
Ne5 f5 19. Ng6 Rfe8 20. Nxe7+ Rxe7 21. c4 Qd6 22. g3 b5 23. Bf4 Qb4 24. Rc1 e5 25.
dxe5 Rd8 26. Rhd1 Red7 27. Rxd7 Rxd7 28. e6 Rd4 29. cxb5 cxb5 30. f3 Nd2+ 31. Ka1 Kh7 32. e7 Nc4 33. e8=Q Rd2 34. Qg6+ 1-0

[Event "*** SCC Grand Prix: Titled Tuesday Blitz"]
[Site "Chess.com"]
[Date "2020.06.23"]
[Round "10"]
[White "abubakrtagelsir"]
[Black "korbul"]
[Result "1-0"]
[WhiteElo "2357"]
[BlackElo "2478"]
[TimeControl "180+1"]
[EndTime "11:56:28 PDT"]
[Termination "abubakrtagelsir won by checkmate"]

1. e4 c5 2. Nc3 Nc6 3. f4 g6 4. Nf3 Bg7 5. Bb5 e6 6. O-O Nge7 7. e5 O-O 8. Ne4 d5 9. exd6 Nf5 10. Bxc6 bxc6 11.
d3 Nxd6 12. Ne5 Nf5 13. Nxc6 Qb6 14. Ne5 c4+ 15. Kh1 cxd3 16. cxd3 Rd8 17. Nc4 Qd4 18. Nf2 Bb7 19. Qg4 Rac8 20. Ne5 h5 21.
Qh3 Rc2 22. Kg1 Bxe5 23. fxe5 Qxe5 24. Bg5 f6 25. Rac1 Rxf2 26. Rxf2 fxg5 27. d4 Rxd4 28. Qb3 Rd7 29. Qa4 Qd5 30. Qxa7 Ne3 31. Qb8+ Kh7 32. Qf8 Qd1+ 33. Rf1 Qg4 34. Rf7+ Rxf7 35. Qxf7+ Kh8 36.
Qf8+ Kh7 37. Rc7# 1-0

[Event "*** SCC Grand Prix: Titled Tuesday Blitz"]
[Site "Chess.com"]
[Date "2020.06.23"]
[Round "10"]
[White "nrvisakh"]
[Black "TigrVShlyape"]
[Result "0-1"]
[WhiteElo "2781"]
[BlackElo "2915"]
[TimeControl "180+1"]
[EndTime "11:56:29 PDT"]
[Termination "TigrVShlyape won by resignation"]

1. d4 Nf6 2. c4 g6 3. Nc3 Bg7 4.
e4 d6 5. Be2 e5 6. d5 Na6 7.
Be3 Nc5 8. f3 a5 9. g4 h5 10. g5 Nh7 11. h4 f6 12. gxf6 Bxf6 13. Bf2 Bd7 14. Kd2 g5 15. hxg5 Bxg5+ 16. Kc2 Nf6 17. Nh3 Bh6 18. Bh4 Qe7 19. Qg1 O-O-O 20. Qg6 Rdf8 21. Rag1 Be3 22. Rg3 Kb8 23. Qg7 Qd8 24.
Nd1 Bd4 25. Ng5 Rhg8 26. Qh6 Qe8 27. Nh7 Nxh7 28. Qxh7 Bc8 29. Rxg8 Rxg8 30. Bf1 Qa4+ 31. Kd2 Rf8 32. Be2 Qxa2 33. Be7 Re8 34. Qf7 Bd7 35. Rxh5 Bxb2 36. Nxb2 Qxb2+ 37. Ke1 a4 38. Rg5 a3 39.
Rg8 Rxg8 40. Qxg8+ Ka7 41. Bd8 a2 0-1

[Event "*** SCC Grand Prix: Titled Tuesday Blitz"]
[Site "Chess.com"]
[Date "2020.06.23"]
[Round "10"]
[White "Iskusnyh"]
[Black "blitzking1729"]
[Result "0-1"]
[WhiteElo "2450"]
[BlackElo "2574"]
[TimeControl "180+1"]
[EndTime "11:56:29 PDT"]
[Termination "blitzking1729 won by resignation"]

1. d4 d5 2. c4 e6 3. Nf3 c5 4.
cxd5 exd5 5. g3 Nc6 6. Bg2 Nf6 7. O-O Be7 8. dxc5 Bxc5 9. Qc2 Bb6 10. Nc3 O-O 11. Bg5 Be6 12. Rad1 h6 13. Bc1 d4 14.
Ne4 Nxe4 15. Qxe4 Bxa2 16. Ne5 Nxe5 17. Qxe5 Re8 18. Qb5 Be6 19. Bf4 Bg4 20. Rd2 Qe7 21. h3 Bd7 22. Qh5 g5 23. Bd5 Be6 24. Bxe6 Qxe6 25.
Bxg5 hxg5 26. Qxg5+ Qg6 27. Qd5 Re7 28. Rc1 Rae8 29.
Kf1 Qh6 30. h4 0-1

[Event "*** SCC Grand Prix: Titled Tuesday Blitz"]
[Site "Chess.com"]
[Date "2020.06.23"]
[Round "10"]
[White "Squirlolz"]
[Black "ChronicUnhappiness"]
[Result "1-0"]
[WhiteElo "2517"]
[BlackElo "2365"]
[TimeControl "180+1"]
[EndTime "11:56:29 PDT"]
[Termination "Squirlolz won by resignation"]

1. b3 e5 2. Bb2 Nc6 3. e3 Nf6 4.
Bb5 Bd6 5. Ne2 O-O 6. O-O Re8 7.
f4 exf4 8. Nxf4 Be5 9. Nc3 d5 10.
Bxc6 bxc6 11. Qf3 Bg4 12. Qg3 g5 13. h3 gxf4 14. exf4 Bd4+ 15. Kh1 h5 16. hxg4 hxg4 17. Na4 Bxb2 18. Nxb2 Qd7 19. f5 Re4 20. Rae1 Rae8 21.
Rxe4 Rxe4 22. Nd3 Qd6 23. Nf4 Qe5 24. Qh4 Qxf5 25. g3 Re2 26. Kg1 Ne4 27. Nxe2 1-0

[Event "*** SCC Grand Prix: Titled Tuesday Blitz"]
[Site "Chess.com"]
[Date "2020.06.23"]
[Round "10"]
[White "akashcheck"]
[Black "Irishchessman16"]
[Result "0-1"]
[WhiteElo "2234"]
[BlackElo "2437"]
[TimeControl "180+1"]
[EndTime "11:56:29 PDT"]
[Termination "Irishchessman16 won by resignation"]

1. e4 c5 2. Nf3 Nc6 3. d4 cxd4 4. Nxd4 Nf6 5. Nc3 e5 6. Ndb5 d6 7. Nd5 Nxd5 8. exd5 Nb8 9. c4 Be7 10. Bd3 O-O 11.
O-O f5 12. f3 a6 13. Nc3 Nd7 14. Kh1 g6 15. Bh6 Rf7 16. b4 Bf6 17. Rc1 a5 18. a3 e4 19. fxe4 Be5 20. g3 axb4 21. axb4 Ra3 22.
Nb5 Ra2 23. exf5 Rxh2+ 24. Kg1 Rxh6 25. fxg6 hxg6 26. Rxf7 Kxf7 27. Qf3+ Nf6 28. c5 Bg4 29. Qe3 Rh3 30. Nxd6+ Bxd6 31. cxd6 Qxd6 32. Kf2 Bd7 33. Qg5 Ng4+ 34. Ke2 Rh2+ 35. Kf1 Rh1+ 36. Kg2 Rxc1 37. Qxc1 Qxd5+ 0-1

[Event "*** SCC Grand Prix: Titled Tuesday Blitz"]
[Site "Chess.com"]
[Date "2020.06.23"]
[Round "10"]
[White "starplatinum2030"]
[Black "kosmys"]
[Result "1-0"]
[WhiteElo "2047"]
[BlackElo "1798"]
[TimeControl "180+1"]
[EndTime "11:56:29 PDT"]
[Termination "starplatinum2030 won on time"]

1. e4 d5 2. exd5 Qxd5 3. Nc3 Qa5 4. d4 e5 5. dxe5 Bb4 6. Bd2 Nc6 7. Nf3 Bg4 8. h3 Bh5 9. a3 Nd4 10. g4 Nxf3+ 11. Qxf3 Qxe5+ 12. Be2 Bg6 13. axb4 Nf6 14.
Bc1 Bxc2 15. Bf4 Qe7 16. O-O O-O 17. b5 b6 18. g5 Ne4 19. Nd5 Qc5 20. Nxc7 Nxg5 21.
Qg2 Ne6 22. Nxe6 fxe6 23. Be3 Qb4 24. Bg4 Rae8 25. Rxa7 Bf5 26. Bxf5 g6 27. Bxg6 Re7 28. Bxh7+ 1-0

[Event "*** SCC Grand Prix: Titled Tuesday Blitz"]
[Site "Chess.com"]
[Date "2020.06.23"]
[Round "10"]
[White "timator"]
[Black "seorobert1971"]
[Result "0-1"]
[WhiteElo "2563"]
[BlackElo "2710"]
[TimeControl "180+1"]
[EndTime "11:56:30 PDT"]
[Termination "seorobert1971 won on time"]

1. Nf3 Nf6 2. d4 d5 3. c4 c6 4. Nc3 e6 5. e3 Nbd7 6. Qc2 Bd6 7.
b3 O-O 8. Bb2 Qe7 9. Bd3 e5 10.
cxd5 cxd5 11. dxe5 Nxe5 12. Nxe5 Qxe5 13. Ne2 Bb4+ 14.
Bc3 Bxc3+ 15. Qxc3 Qg5 16. O-O Bg4 17. Ng3 h5 18. f4 Qh4 19. Nf5 Bxf5 20. Bxf5 Ng4 21. h3 Nf6 22. Qd4 g6 23. Bd3 Rfe8 24. Rac1 Rad8 25.
Rc7 Ne4 26. Rxb7 Qg3 27. Rf3 Qe1+ 28. Kh2 Nd2 29. Rf1 Nxf1+ 30. Bxf1 Qxf1 31. Qf6 Rf8 32. Rxf7 Rxf7 33. Qxd8+ Kg7 34. Qxd5 Qa1 35. a4 Qf6 36. Kg3 Re7 37. Kf3 Qc3 0-1

[Event "*** SCC Grand Prix: Titled Tuesday Blitz"]
[Site "Chess.com"]
[Date "2020.06.23"]
[Round "10"]
[White "Chuchofrio1"]
[Black "juniortay"]
[Result "1/2-1/2"]
[WhiteElo "2239"]
[BlackElo "2398"]
[TimeControl "180+1"]
[EndTime "11:56:30 PDT"]
[Termination "Game drawn - insufficient material"]

1. d4 d5 2. c4 e6 3. Nc3 c5 4. cxd5 exd5 5. Nf3 Nc6 6. g3 Nf6 7. Bg2 cxd4 8. Nxd4 Bc5 9. Nb3 Bb6 10. O-O O-O 11.
Nxd5 Be6 12. Bg5 Bxd5 13. Bxf6 Qxf6 14. Qxd5 Qxb2 15. Qh5 g6 16. Qf3 Ne5 17. Qxb7 Qxe2 18.
Qe4 Qb2 19. Rab1 Qxa2 20. Qxe5 Bxf2+ 21. Kh1 Rae8 22. Qb2 Re2 23. Qxa2 Rxa2 24. Nc1 Rd2 25. Nb3 Ra2 26. Rbd1 a5 27. Nxa5 Bxg3 28. hxg3 Rxa5 29. Rd7 Kg7 30. Bd5 Kh6 31. Rfxf7 Rxf7 32. Bxf7 Kg5 33. Rd5+ Rxd5 34. Bxd5 h5 35. Be6 Kf6 36. Bc8 g5 37. Kg2 g4 38. Kf2 Kg5 39. Ke3 h4 40. gxh4+ Kxh4 41. Bxg4 1/2-1/2

[Event "*** SCC Grand Prix: Titled Tuesday Blitz"]
[Site "Chess.com"]
[Date "2020.06.23"]
[Round "10"]
[White "cassoulet"]
[Black "Kopytkin"]
[Result "1-0"]
[WhiteElo "2652"]
[BlackElo "2402"]
[TimeControl "180+1"]
[EndTime "11:56:31 PDT"]
[Termination "cassoulet won on time"]

1. e4 Nf6 2. e5 Nd5 3. Nf3 d6 4. d4 g6 5. Bc4 Nb6 6. Bb3 d5 7. a4 Nc6 8. a5 Nc4 9. Bxc4 dxc4 10. d5 Nb4 11. Nc3 Bg7 12. Ra4 c5 13. O-O Bg4 14.
Bf4 O-O 15. h3 Bf5 16. Ne1 Bd7 17. Ra3 b5 18. Qe2 a6 19. Qe3 Qc8 20. Bh6 Bf5 21.
Bxg7 Kxg7 22. Qe2 Rd8 23. g4 Bd7 24. Ra1 e6 25. d6 Bc6 26. f4 Qb7 27. Rd1 Nd5 28.
Ne4 Qa7 29. Qf2 Nb4 30. Nf6 Nd5 31. Qh4 h6 32. f5 1-0

[Event "*** SCC Grand Prix: Titled Tuesday Blitz"]
[Site "Chess.com"]
[Date "2020.06.23"]
[Round "10"]
[White "swisspower96"]
[Black "Kezin_Roman"]
[Result "1-0"]
[WhiteElo "2643"]
[BlackElo "2766"]
[TimeControl "180+1"]
[EndTime "11:56:33 PDT"]
[Termination "swisspower96 won on time"]

1. d4 h5 2. e4 h4 3. h3 c6 4. Nc3 d5 5. Nf3 dxe4 6. Nxe4 Nf6 7. Neg5 Nbd7 8. Bc4 e6 9. O-O Nb6 10. Bb3 Bd6 11. Qe2 Nbd5 12. Ne5 O-O 13. Bd2 c5 14. dxc5 Bxc5 15. Rad1 Qb6 16. Ngf3 a5 17. c4 Nb4 18. Bg5 a4 19. Bc2 Nxc2 20. Qxc2 Nh5 21. Bxh4 Ra5 22. Ng5 Nf6 23. Ng4 1-0

[Event "*** SCC Grand Prix: Titled Tuesday Blitz"]
[Site "Chess.com"]
[Date "2020.06.23"]
[Round "10"]
[White "djano"]
[Black "GregShahade"]
[Result "1/2-1/2"]
[WhiteElo "2462"]
[BlackElo "2566"]
[TimeControl "180+1"]
[EndTime "11:56:33 PDT"]
[Termination "Game drawn by repetition"]

1. d4 Nf6 2. Nf3 g6 3. Nc3 d5 4. Bf4 Bg7 5. e3 c6 6. Be2 a5 7. Ne5 Nbd7 8. O-O Nxe5 9. Bxe5 O-O 10. Bf3 Nd7 11. Bxg7 Kxg7 12. e4 dxe4 13. Nxe4 Nf6 14. Re1 Nxe4 15. Bxe4 Be6 16. c3 Qd6 17. Qe2 Rfd8 18. Qe3 Rd7 19. h3 a4 20. a3 Ra5 21.
Rad1 Bf5 22. Bf3 Rb5 23. Rd2 Be6 24. Be2 Ra5 25. Bf3 Bd5 26. Bd1 b5 27. Bf3 e6 28.
Rde2 Ra8 29. Be4 Bxe4 30. Qxe4 Rad8 31. Qe5+ Qxe5 32. Rxe5 Kf6 33. Kf1 Rd5 34. f4 Ke7 35. Kf2 Kd6 36. g4 Re8 37. Kf3 Kd7 38. R1e2 Kd6 39.
Re1 Kd7 40. R1e2 Kd6 41. Re1 1/2-1/2

[Event "*** SCC Grand Prix: Titled Tuesday Blitz"]
[Site "Chess.com"]
[Date "2020.06.23"]
[Round "10"]
[White "Volodar_Murzin"]
[Black "Sashadav97"]
[Result "1-0"]
[WhiteElo "2722"]
[BlackElo "2597"]
[TimeControl "180+1"]
[EndTime "11:56:34 PDT"]
[Termination "Volodar_Murzin won on time"]

1. e4 c6 2. d4 d5 3. f3 Qb6 4.
Nc3 e5 5. dxe5 Bc5 6. Nh3 Bxh3 7. gxh3 Ne7 8. Bd3 Bf2+ 9. Kf1 Bh4 10. Qe2 Nd7 11. f4 d4 12. Nd1 O-O-O 13. Nf2 Kb8 14. Qh5 g5 15. Ng4 Ng6 16. fxg5 Qc7 17. Kg2 c5 18.
Bc4 Ndxe5 19. Bd5 Ka8 20. Rf1 d3 21. Nxe5 Qxe5 22. cxd3 h6 23. Rxf7 Rhg8 24. Rf5 Qe8 25. Bf7 Qc6 26. Bxg8 Rxg8 27. Kh1 a6 28. gxh6 Qd7 29.
h7 Rc8 30. Qxg6 Qxd3 31. Qg4 Rd8 32. Bh6 Rh8 33. Rd1 1-0

[Event "*** SCC Grand Prix: Titled Tuesday Blitz"]
[Site "Chess.com"]
[Date "2020.06.23"]
[Round "10"]
[White "ExtremeLearner"]
[Black "Nafania1"]
[Result "0-1"]
[WhiteElo "2229"]
[BlackElo "2514"]
[TimeControl "180+1"]
[EndTime "11:56:34 PDT"]
[Termination "Nafania1 won on time"]

1. d4 Nf6 2. Bf4 e6 3. e3 d5 4.
Nd2 Bd6 5. Bg3 O-O 6. Ngf3 c5 7. c3 Qc7 8. Rc1 Nbd7 9. c4 Bxg3 10. hxg3 Qa5 11.
a3 cxd4 12. Nxd4 dxc4 13. Bxc4 Ne5 14. O-O Bd7 15. Be2 Rac8 16. N2f3 Rxc1 17. Qxc1 Rc8 18. Qb1 Nxf3+ 19. Bxf3 e5 20. Nf5 Bxf5 21. Qxf5 Qc7 22. g4 h6 23. g5 hxg5 24. Qxg5 e4 25. Bg4 Rd8 26. Bh3 Rd5 27. Qh4 Rd2 28. b4 Qc4 29. Qg3 Rd8 30. Bf5 a6 31. Bg4 Qd3 32.
Bd1 Qxa3 0-1

[Event "*** SCC Grand Prix: Titled Tuesday Blitz"]
[Site "Chess.com"]
[Date "2020.06.23"]
[Round "10"]
[White "Msb2"]
[Black "Konavets"]
[Result "1-0"]
[WhiteElo "2860"]
[BlackElo "2989"]
[TimeControl "180+1"]
[EndTime "11:56:38 PDT"]
[Termination "Msb2 won on time"]

1. d4 Nf6 2. c4 e5 3. dxe5 Ng4 4. Bf4 g5 5. Bd2 Nxe5 6. Nf3 Nxf3+ 7. exf3 Qe7+ 8. Be2 Bg7 9. Nc3 c6 10. Qc2 Na6 11. a3 d6 12. O-O-O Nc5 13. Rde1 Be6 14.
f4 gxf4 15. Bxf4 O-O-O 16. Be3 Qf6 17. g4 h5 18. h3 Rhe8 19. Kb1 Bd7 20. Rd1 Rxe3 21.
fxe3 Re8 22. Rhf1 Qe7 23. gxh5 Qxe3 24. Bg4 Re7 25. Rxd6 Bxg4 26. hxg4 Qg3 27. Rfd1 Qxg4 28. h6 Be5 29. h7 Qh5 30. R6d2 f5 31. Nb5 cxb5 32. cxb5 b6 33. b4 Qxh7 34. bxc5 bxc5 35. Rd8+ Kb7 36. Qg2+ 1-0

[Event "*** SCC Grand Prix: Titled Tuesday Blitz"]
[Site "Chess.com"]
[Date "2020.06.23"]
[Round "10"]
[White "QueenOfTactics90"]
[Black "otrov-11"]
[Result "0-1"]
[WhiteElo "1980"]
[BlackElo "2385"]
[TimeControl "180+1"]
[EndTime "11:56:38 PDT"]
[Termination "otrov-11 won by checkmate"]

1. e4 e6 2. Qe2 c5 3. g3 Nc6 4.
Bg2 Be7 5. Nf3 d5 6. e5 g5 7.
O-O g4 8. Ne1 h5 9. f4 Nh6 10.
d3 Nf5 11. c3 Qc7 12. Nd2 Bd7 13. a4 O-O-O 14. Rf2 Rdg8 15. Nf1 h4 16. Rb1 hxg3 17. hxg3 Qd8 18. Bd2 Rh3 19. Bxh3 gxh3 20. Kh2 Bh4 21. gxh4 Qxh4 22. Qf3 Nce7 23. Ne3 d4 24. Nxf5 Nxf5 25. cxd4 Bc6 26. Qxh3 Qxf2+ 27. Ng2 Rxg2+ 28. Kh1 Rh2# 0-1

[Event "*** SCC Grand Prix: Titled Tuesday Blitz"]
[Site "Chess.com"]
[Date "2020.06.23"]
[Round "10"]
[White "Oleksandr_Bortnyk"]
[Black "Matibar"]
[Result "1-0"]
[WhiteElo "2915"]
[BlackElo "2818"]
[TimeControl "180+1"]
[EndTime "11:56:39 PDT"]
[Termination "Oleksandr_Bortnyk won by checkmate"]

1. e4 e6 2. d4 d5 3. Nc3 Bb4 4.
e5 c5 5. Bd2 Ne7 6. Nb5 Bxd2+ 7. Qxd2 O-O 8. dxc5 Nd7 9. Qc3 b6 10. c6 Nc5 11. c7 Qd7 12. Nf3 Ne4 13. Qa3 a6 14. Bd3 Bb7 15. Nd6 Qxc7 16. O-O Rfd8 17. Nxf7 Kxf7 18. Bxe4 dxe4 19. Ng5+ Kg8 20. Qh3 Qxe5 21.
Qxh7+ Kf8 22. Qh5 Qf5 23. Rae1 Kg8 24. Re3 Rd5 25. Rg3 Rf8 26. c4 Re5 27. h4 e3 28.
f4 e2 29. Re1 Qxf4 30. Qh7# 1-0

[Event "*** SCC Grand Prix: Titled Tuesday Blitz"]
[Site "Chess.com"]
[Date "2020.06.23"]
[Round "10"]
[White "jaskol95"]
[Black "Mbneu"]
[Result "1-0"]
[WhiteElo "2392"]
[BlackElo "2200"]
[TimeControl "180+1"]
[EndTime "11:56:39 PDT"]
[Termination "jaskol95 won by resignation"]

1. d4 Nf6 2. c4 c5 3. d5 e6 4. Nc3 exd5 5. cxd5 d6 6. Bf4 g6 7. e3 Bg7 8. Qa4+ Bd7 9. Qb3 b5 10. Bxb5 O-O 11. Bxd6 Re8 12. Bxc5 Bxb5 13. Qxb5 Nbd7 14.
Bd4 Rb8 15. Qe2 Nxd5 16. Bxg7 Nf4 17. Qc4 Ne5 18. Bxe5 Nd3+ 19. Kf1 Nxe5 20. Qe2 Re6 21.
Nf3 Nc6 22. g3 Qb6 23. Kg2 h6 24. Rhd1 g5 25. h3 Qb7 26. Kh2 Rf6 27. Nd5 Rf5 28. Rac1 Ne5 29. Nxe5 Rxe5 30. Nf6+ Kg7 31. Nd7 1-0

[Event "*** SCC Grand Prix: Titled Tuesday Blitz"]
[Site "Chess.com"]
[Date "2020.06.23"]
[Round "10"]
[White "talaicito"]
[Black "AndrewDGreen"]
[Result "0-1"]
[WhiteElo "2111"]
[BlackElo "2301"]
[TimeControl "180+1"]
[EndTime "11:56:39 PDT"]
[Termination "AndrewDGreen won on time"]

1. d4 Nf6 2. Nc3 g6 3. e4 d5 4. e5 Ne4 5. Nxe4 dxe4 6. Bc4 Bg7 7. Be3 O-O 8. Ne2 c5 9. c3 Nc6 10. Ng3 cxd4 11. cxd4 b6 12. Nxe4 Bb7 13. f3 Rc8 14. Rc1 Nb4 15. O-O Nd5 16. Bf2 Qd7 17. Qb3 Rfd8 18. Nc3 e6 19. Ne4 Bc6 20. Bh4 Rf8 21.
Nd6 Rc7 22. Nb5 Rcc8 23. Nd6 Rc7 24. Rc2 h6 25. Rfc1 g5 26. Bf2 Ba4 27. Bb5 Bxb3 28. Rxc7 Qd8 29. Rxa7 Qb8 30. Rcc7 Bc2 31. Rab7 Nxc7 32.
Rxb8 Rxb8 33. a4 Bf8 0-1

[Event "*** SCC Grand Prix: Titled Tuesday Blitz"]
[Site "Chess.com"]
[Date "2020.06.23"]
[Round "10"]
[White "Korchmar_Vasiliy"]
[Black "sotochess"]
[Result "1-0"]
[WhiteElo "2602"]
[BlackElo "2471"]
[TimeControl "180+1"]
[EndTime "11:56:40 PDT"]
[Termination "Korchmar_Vasiliy won on time"]

1. e4 e5 2. Nf3 d6 3. Nc3 Nf6 4.
d4 Nbd7 5. Bc4 Be7 6. O-O O-O 7. Re1 c6 8. a4 a5 9. h3 Qc7 10. Ba2 Nb8 11. Be3 Na6 12. Qd2 Nb4 13. Bb3 Nd7 14. Rad1 Re8 15. Qe2 exd4 16. Nxd4 Nc5 17. Bxf7+ Kxf7 18. Qh5+ Kf8 19. Qxh7 Bf6 20. Ndb5 cxb5 21.
Nxb5 Qf7 22. Nxd6 Qg8 23. Qg6 Be6 24. Bxc5 Re7 25. e5 Bh4 26. Rd4 Bf7 27. Rf4 Nd5 28. Rxf7+ 1-0

[Event "*** SCC Grand Prix: Titled Tuesday Blitz"]
[Site "Chess.com"]
[Date "2020.06.23"]
[Round "10"]
[White "boasovietica"]
[Black "Novoselski"]
[Result "1-0"]
[WhiteElo "2449"]
[BlackElo "2308"]
[TimeControl "180+1"]
[EndTime "11:56:40 PDT"]
[Termination "boasovietica won by resignation"]

1. e4 e5 2. Nf3 f5 3. Nxe5 Qf6 4. d4 d6 5. Nc4 fxe4 6. Nc3 Qf7 7. Ne3 Nf6 8. Bc4 Qg6 9. Qe2 c6 10. Bd2 d5 11. Bb3 Bd6 12. O-O-O O-O 13. f3 exf3 14. gxf3 Bh3 15. Rhg1 Qh5 16. Ng4 Bxg4 17. fxg4 Qe8 18. Qg2 Nbd7 19. g5 Nh5 20. Rde1 Qg6 21. Qg4 Rf5 22. Nd1 Raf8 23. Ne3 R5f7 24. c3 Nb6 25. Bc2 Rf4 26. Bxg6 Rxg4 27. Bxh5 Rh4 28. Bg4 Rxh2 29.
Rgf1 g6 30. Rxf8+ Kxf8 31. Rf1+ Kg7 32. Be6 1-0

[Event "*** SCC Grand Prix: Titled Tuesday Blitz"]
[Site "Chess.com"]
[Date "2020.06.23"]
[Round "10"]
[White "iverichighladze"]
[Black "imdarealist"]
[Result "1-0"]
[WhiteElo "2450"]
[BlackElo "2323"]
[TimeControl "180+1"]
[EndTime "11:56:44 PDT"]
[Termination "iverichighladze won by checkmate"]

1. d4 Nf6 2. c4 e6 3. Nc3 d5 4.
Nf3 Be7 5. Bf4 O-O 6. e3 b6 7. Rc1 c5 8. cxd5 Nxd5 9. Nxd5 exd5 10. Bd3 Be6 11. O-O Nc6 12. Ne5 Nxe5 13. Bxe5 Bf6 14.
f4 cxd4 15. exd4 Rc8 16. Rxc8 Bxc8 17. f5 Re8 18. Re1 Bxe5 19. dxe5 Qc7 20. Qe2 Qc5+ 21. Kh1 Bb7 22. h3 d4 23. e6 fxe6 24. fxe6 Qg5 25. e7 Kh8 26. Qg4 Qxg4 27. hxg4 Bc6 28. Bc4 d3 29. Bxd3 g6 30. Bc4 Kg7 31. g5 b5 32.
Bb3 a6 33. a3 a5 34. Kh2 b4 35. axb4 axb4 36. g4 Rb8 37. Kg3 Be8 38. Bd5 Rc8 39.
b3 Rb8 40. Bc4 Rc8 41. Rf1 Rc7 42. Rf8 Rxe7 43. Rg8# 1-0